 Dungeon Crawl Stone Soup version 0.31-a0-180-g519b7de00c (webtiles) character file.

Game seed: 2784974299859459964

138 qw the Shooter (level 5, 0/49 HPs)
             Began as a Naga Hunter on June 20, 2023.
             Was an Initiate of Okawaru.
             Slain by Prince Ribbit (14 damage)
             ... on level 5 of the Dungeon.
             The game lasted 00:00:52 (2482 turns).

qw the Shooter (Naga Hunter)                        Turns: 2482, Time: 00:00:52

Health: 0/49       AC:  3    Str: 13    XL:     5   Next: 21%
Magic:  5/5        EV:  9    Int:  9    God:    Okawaru [......]
Gold:   276        SH:  0    Dex: 17    Spells: 4/4 levels left

rFire   . . .        Y - +2 shortbow
rCold   . . .        (shield currently unavailable)
rNeg    . . .        c - +0 leather armour
rPois   +            (no helmet)
rElec   .            (no cloak)
rCorr   +            (no gloves)
SInv    +            (no barding)
Will    +....        (no amulet)
Stlth   ++           h - ring of willpower
HPRegen 0.28/turn    i - ring of resist corrosion
MPRegen 0.09/turn

%: no passive effects
@: short of breath, very slow
A: AC +1, large, see invisible, deformed body, poison resistance, slowness 2,
spit poison 1, naga tail 1
a: Spit Poison, Renounce Religion


You were on level 5 of the Dungeon.
You worshipped Okawaru.
Okawaru was noncommittal.
You visited 1 branch of the dungeon, and saw 5 of its levels.

You collected 276 gold pieces.


Innate Abilities, Weirdness & Mutations

Your serpentine skin is tough. (AC +1)
You have supernaturally acute eyesight. (SInv)
Armour fits poorly on your strangely shaped body.
Your system is resistant to poisons. (rPois)
You cover ground very slowly.
You can spit poison.
You have a snake-like lower body.


   Skills:
 - Level 3.0 Fighting
 + Level 5.3 Ranged Weapons
 - Level 1.5 Dodging
 - Level 1.5 Stealth


You had 4 spell levels left.
You didn't know any spells.
Your spell library was empty.

Inventory:

Hand Weapons
 Y - a +2 shortbow (weapon)
Armour
 c - a +0 leather armour (worn)
Jewellery
 b - a ring of fire
 h - a ring of willpower (left hand)
 i - a ring of resist corrosion (right hand)
 n - a ring of resist corrosion
Scrolls
 f - 2 scrolls of identify
 j - a scroll of teleportation
Potions
 a - a potion of curing {unknown}
 d - a potion of resistance {unknown}
 e - a potion of enlightenment {unknown}
 g - a potion of degeneration {unknown}
 l - a potion of brilliance {unknown}
 m - a potion of haste
 o - a potion of magic {unknown}

Dungeon Overview and Level Annotations

Branches:
Dungeon (5/15)
 Temple: D:4-7

Altars:
Hepliaklqana
Okawaru
Uskayaw
The Shining One

Annotations:
D:5 Ijyb, Prince Ribbit


Message History

Aiming: Spit Poison (1% risk of failure)
Press: ? - help, Shift-Dir - straight line, f/p - Ijyb The splash of poison hits Ijyb.
Ijyb is poisoned.
Ijyb is moderately wounded.
Prince Ribbit croaks.
Prince Ribbit catches a mouse with his tongue.
The hound barks!
You shoot an arrow. The arrow barely misses Ijyb.
You shoot an arrow. The arrow hits Ijyb but does no damage.
Ijyb is moderately wounded.
Prince Ribbit croaks regally.
Ijyb zaps a wand.
Your mind is blasted!
You shoot an arrow. The arrow closely misses Prince Ribbit.
Prince Ribbit closely misses you.
Ijyb zaps a wand.
You easily resist.
You shoot an arrow. The arrow hits Prince Ribbit.
Prince Ribbit is lightly wounded.
You have got your breath back.
Prince Ribbit hits you! The hound bites you.
Prince Ribbit blinks!
2479 ||| INVOKING Spit Poison.
Aiming: Spit Poison (1% risk of failure)
Press: ? - help, Shift-Dir - straight line, f - hound, p - Prince Ribbit The splash of poison hits the hound!
The hound is poisoned.
The hound is heavily wounded.
The hound bites you.
Prince Ribbit blinks!
You shoot an arrow. The arrow barely misses the hound.
Ijyb looks more healthy.
The hound bites you but does no damage. The hound barely misses you.
Prince Ribbit hits you!!
You shoot an arrow. The arrow hits the hound.
The hound is heavily wounded.
You have got your breath back.
The hound bites you.
Prince Ribbit hits you but does no damage.
The hound closely misses you.
2482 ||| INVOKING Spit Poison.
Aiming: Spit Poison (1% risk of failure)
Press: ? - help, Shift-Dir - straight line, f/p - hound The splash of poison misses the hound.
Prince Ribbit barely misses you. The hound closely misses you.
Prince Ribbit hits you!
You die...

######......##
##...##...#...## ....
##....##...#....## ....
#......##........# ...).
.................# ..?<.
...#...####......#.....#
.#.#.............#......
...........#>##.Fh..#
......#########.@#...#
......# ##........
...#..# ....##...
..##... ....... . ..# #.
......../ ..#
#........## ...
#...##..## . .. ...$ ..#


You could see Prince Ribbit and a hound (poisoned).

Vanquished Creatures
  An orc wizard (D:4)
  5 adders
  2 dart slugs
  4 orcs
  6 ball pythons
  3 endoplasms
  6 giant cockroaches
  8 goblins
  8 hobgoblins
  A quokka (D:2)
  3 bats
  A frilled lizard (D:3)
  8 kobolds
  A rat (D:2)
57 creatures vanquished.

Notes
Turn   | Place    | Note
-------+----------+-------------------------------------------
     0 | D:1      | qw the Naga Hunter began the quest for the Orb.
     0 | D:1      | Reached XP level 1. HP: 19/19 MP: 1/1
     0 | D:1      | 0 ||| qw: Version: 0.3-a-9-g12657ce
     0 | D:1      | 0 ||| qw: Game counter: 1186
     0 | D:1      | 0 ||| qw: Always use a shield: true
     0 | D:1      | 0 ||| qw: God list: Okawaru
     0 | D:1      | 0 ||| qw: Allow faded altars: false
     0 | D:1      | 0 ||| qw: Do Orc after D:15 true
     0 | D:1      | 0 ||| qw: Do second Lair branch before Depths: true
     0 | D:1      | 0 ||| qw: Lair rune preference: random
     0 | D:1      | 0 ||| qw: Plans: Normal
     0 | D:1      | 0 ||| PLANNING D:1-11
    27 | D:1      | 27 ||| INVOKING Spit Poison.
    62 | D:1      | You fall into a shaft and drop 1 floor!
   164 | D:2      | 164 ||| INVOKING Spit Poison.
   173 | D:2      | 173 ||| INVOKING Spit Poison.
   178 | D:2      | 178 ||| INVOKING Spit Poison.
   179 | D:2      | Reached skill level 4 in Ranged Weapons
   179 | D:2      | Reached XP level 2. HP: 26/26 MP: 2/2
   186 | D:2      | 186 ||| INVOKING Spit Poison.
   208 | D:2      | 208 ||| INVOKING Spit Poison.
   236 | D:2      | 236 ||| INVOKING Spit Poison.
   239 | D:2      | 239 ||| READING scroll labelled YTILIL RECOLL.
   240 | D:2      | 240 ||| READING scroll labelled SANA YPHOEWN.
   241 | D:2      | 241 ||| DROPPING scroll of butterflies.
   251 | D:1      | 251 ||| INVOKING Spit Poison.
   287 | D:1      | 287 ||| INVOKING Spit Poison.
   290 | D:1      | 290 ||| INVOKING Spit Poison.
   421 | D:1      | Found a faded altar of an unknown god.
   422 | D:1      | Noticed a great orb of eyes
   424 | D:1      | Noticed a great orb of eyes
   431 | D:1      | Noticed an eye of devastation
   435 | D:1      | 435 ||| READING scroll labelled BABLEA RESITAH.
   437 | D:1      | Noticed a great orb of eyes
   442 | D:1      | 442 ||| INVOKING Spit Poison.
   443 | D:1      | Reached XP level 3. HP: 32/32 MP: 3/3
   461 | D:1      | 461 ||| INVOKING Spit Poison.
   607 | D:2      | 607 ||| INVOKING Spit Poison.
   685 | D:2      | 685 ||| INVOKING Spit Poison.
   689 | D:2      | 689 ||| INVOKING Spit Poison.
   711 | D:2      | 711 ||| INVOKING Spit Poison.
   780 | D:2      | 780 ||| INVOKING Spit Poison.
   945 | D:2      | 945 ||| INVOKING Spit Poison.
  1004 | D:2      | 1004 ||| INVOKING Spit Poison.
  1130 | D:2      | 1130 ||| READING scroll labelled SUDIOCZEMAI.
  1131 | D:2      | 1131 ||| READING 2 scrolls labelled ORUIT EREOGO.
  1132 | D:2      | 1132 ||| READING scroll of enchant weapon.
  1132 | D:2      | 1132 ||| ENCHANTING +1 shortbow.
  1265 | D:3      | 1265 ||| INVOKING Spit Poison.
  1268 | D:3      | 1268 ||| INVOKING Spit Poison.
  1269 | D:3      | Reached skill level 5 in Ranged Weapons
  1278 | D:3      | Reached XP level 4. HP: 27/39 MP: 4/4
  1325 | D:3      | 1325 ||| INVOKING Spit Poison.
  1403 | D:3      | Found a hazy altar of Hepliaklqana.
  1404 | D:3      | 1404 ||| INVOKING Spit Poison.
  1413 | D:3      | 1413 ||| INVOKING Spit Poison.
  1478 | D:3      | 1478 ||| INVOKING Spit Poison.
  1479 | D:3      | 1479 ||| Stepping ~*~*~tactically~*~*~ (outnumbered).
  1484 | D:3      | 1484 ||| INVOKING Spit Poison.
  1487 | D:3      | 1487 ||| FLEEEEING.
  1570 | D:3      | Noticed a +0 dagger
  1570 | D:3      | Noticed a +0 spear
  1572 | D:3      | Noticed a +0 spear
  1573 | D:3      | Noticed a +0 falchion
  1573 | D:3      | Noticed a +0 falchion
  1573 | D:3      | Noticed a +0 dagger
  1575 | D:3      | Noticed a +0 short sword
  1575 | D:3      | Noticed a +0 short sword
  1591 | D:3      | Found a hide-covered altar of Uskayaw.
  1626 | D:3      | 1626 ||| INVOKING Spit Poison.
  1630 | D:3      | 1630 ||| INVOKING Spit Poison.
  1810 | D:3      | 1810 ||| UPGRADING to ring of willpower.
  1811 | D:3      | 1811 ||| UPGRADING to ring of resist corrosion.
  1812 | D:3      | 1812 ||| READING 2 scrolls labelled JEISKU HAHE.
  1813 | D:3      | 1813 ||| READING scroll labelled RESOR HEVUCIQ.
  1814 | D:3      | 1814 ||| DROPPING scroll of revelation.
  1863 | D:4      | Found a glowing golden altar of the Shining One.
  1897 | D:4      | Found an iron altar of Okawaru.
  1898 | D:4      | 1898 ||| PLANNING OKAWARU WORSHIP
  1898 | D:4      | 1898 ||| READING scroll labelled NICVOG UD SOWO.
  1977 | D:4      | Became a worshipper of Warmaster Okawaru
  1978 | D:4      | 1978 ||| PLANNING D:1-11
  2044 | D:4      | 2044 ||| INVOKING Spit Poison.
  2066 | D:4      | 2066 ||| INVOKING Spit Poison.
  2070 | D:4      | Reached skill level 3 in Fighting
  2071 | D:4      | 2071 ||| INVOKING Spit Poison.
  2077 | D:4      | 2077 ||| INVOKING Spit Poison.
  2080 | D:4      | Reached XP level 5. HP: 19/49 MP: 5/5
  2243 | D:4      | 2243 ||| INVOKING Spit Poison.
  2261 | D:4      | 2261 ||| INVOKING Spit Poison.
  2299 | D:4      | 2299 ||| INVOKING Spit Poison.
  2415 | D:4      | 2415 ||| DROPPING ring of wizardry.
  2416 | D:4      | 2416 ||| DRINKING 2 fuming ruby potions.
  2431 | D:5      | Entered Level 5 of the Dungeon
  2439 | D:5      | 2439 ||| INVOKING Spit Poison.
  2472 | D:5      | Noticed Ijyb
  2473 | D:5      | Noticed Prince Ribbit
  2474 | D:5      | 2474 ||| INVOKING Spit Poison.
  2479 | D:5      | 2479 ||| INVOKING Spit Poison.
  2482 | D:5      | 2482 ||| INVOKING Spit Poison.
  2482 | D:5      | Slain by Prince Ribbit

Levels and vault maps discovered:
D:1:      lightli_iron_boxes, layout_rooms,
          hellmonk_ecumenical_altar_watching_god
D:2:      layout_loops_corners, minivault_27, minivault_24
D:3:      layout_loops_ring, nicolae_uskayaw_en_pointe, lemuel_tele_altar,
          minmay_goblin_outpost
D:4:      layout_rooms, old_standard_altar, amcnicky_altar_gilded
D:5:      layout_cave_pools, temple_doors_e, uniq_ijyb, uniq_prince_ribbit1

Skill      XL: |  1  2  3  4 |
---------------+-------------+-----
Ranged Weapons | 4 5 |  5.3
Fighting       | 3 |  3.0
Dodging        | |  1.5
Stealth        | |  1.5

Action                     |  1- 3 |  4- 6 || total
---------------------------+-------+-------++-------
   Fire: Shortbow          |    42 |    51 ||    93
Ability: Spit Poison       |    21 |    18 ||    39
    Use: Scroll            |     6 |     3 ||     9
         Potion            |       |     1 ||     1
 Armour: Leather armour    |     1 |     5 ||     6
  Dodge: Dodged            |    12 |    15 ||    27

Table legend:
 A = Non-vault XP
 B = Vault XP
 C = Vault XP percentage of total XP
 D = Non-vault monster count
 E = Vault monster count
 F = Vault count percentage of total count
                 A         B        C        D         E       F
            +---------+---------+-------+---------+---------+-------
      Total |     190 |       8 |   4.0 |      53 |       4 |   7.0
            +---------+---------+-------+---------+---------+-------
        D:1 |      15 |       0 |   0.0 |       9 |       0 |   0.0
        D:2 |      50 |       0 |   0.0 |      17 |       0 |   0.0
        D:3 |      50 |       8 |  13.8 |      14 |       4 |  22.2
        D:4 |      62 |       0 |   0.0 |      12 |       0 |   0.0
        D:5 |      13 |       0 |   0.0 |       1 |       0 |   0.0
            +---------+---------+-------+---------+---------+-------
